 Dungeon Crawl Stone Soup version 0.29-a0-251-g80730f7218 (webtiles) character file.

Game seed: 14465170423162579756

69 anonymouscript the Sneak (level 4, -4/23 HPs)
             Began as a Spriggan Brigand on Mar 5, 2022.
             Slain by Grinder (5 damage)
             ... on level 4 of the Dungeon.
             The game lasted 00:08:17 (2394 turns).

anonymouscript the Sneak (Spriggan Brigand)         Turns: 2394, Time: 00:08:18

Health: -4/23      AC:  3    Str:  7    XL:     4   Next: 2%
Magic:  5/5        EV: 16    Int: 12    God:
Gold:   78         SH:  0    Dex: 18    Spells: 2/3 levels left

rFire   . . .      SeeInvis +   a - +2 dagger
rCold   . . .      Faith    .   (no shield)
rNeg    . . .      Spirit   .   b - +0 robe
rPois   +          Reflect  .   (helmet restricted)
rElec   .          Harm     .   c - +0 cloak
rCorr   .          Rampage  .   (gloves unavailable)
Will    .....                   (boots unavailable)
Stlth   ++++......              (no amulet)
HPRegen 0.07/turn               g - ring of poison resistance
MPRegen 0.09/turn               (no ring)

@: very quick
A: very small, no large weapons, unfitting armour, see invisible, speed 3
a: no special abilities


You were on level 4 of the Dungeon.
You visited 1 branch of the dungeon, and saw 4 of its levels.

You collected 78 gold pieces.

Inventory:

Hand Weapons
 a - a +2 dagger (weapon)
 m - a +0 dagger of venom
Missiles
 d - 16 poisoned darts (quivered)
 e - 2 curare-tipped darts
 j - 114 stones
Armour
 b - a +0 robe (worn)
 c - a +0 cloak (worn)
Jewellery
 g - a ring of poison resistance (left hand)
Scrolls
 h - a scroll of magic mapping {unknown}
 i - a scroll of identify {unknown}
Potions
 f - 2 potions of brilliance {unknown}
 k - a potion of invisibility {unknown}
 l - a potion of cancellation {unknown}
 n - a potion of haste {unknown}


   Skills:
 + Level 2.0 Fighting
 + Level 2.6 Short Blades
 + Level 2.5 Throwing
 + Level 1.5 Dodging
 + Level 7.3 Stealth


You had 2 spell levels left.
You knew the following spells:

 Your Spells              Type           Power      Damage    Failure   Level
a - Sting                 Tmut/Pois      0%         1d3       32%         1

Your spell library contained the following spells:

 Spells                   Type           Power      Damage    Failure   Level
 Poisonous Vapours        Pois/Air       0%         N/A       45%         2
 Olgreb's Toxic Radiance  Pois           0%         N/A       97%         4


Dungeon Overview and Level Annotations

Branches:
Dungeon (4/15)
 Temple: D:4-7

Altars:

Shops:
D:2 [

Annotations:
D:4 Grinder


Innate Abilities, Weirdness & Mutations

You are very small and have problems with some larger weapons.
You are too small for most types of armour.
You have supernaturally acute eyesight. (SInv)
You cover ground extremely quickly. (Speed+++)


Message History

You see here a ball python corpse.
n - a fizzy black potion HP restored.
You now have 78 gold pieces (gained 18).
You see here a +0 mace.
You open the door. You open the door.
Grinder comes into view.
Found a white potion.
Throw: 17 darts (poison)
Press: ? - help, Q - select action, (/) - cycle Shift-Dir - straight line, f - Grinder
Aim: Grinder (asleep, 98% to hit)
You throw a poisoned dart. The poisoned dart hits Grinder!
Grinder is poisoned.
Grinder blinks!
There is an open door here.
You hit Grinder.
Grinder is lightly wounded.
Grinder gestures at you. Pain shoots through your body!
You barely miss Grinder.
Grinder is lightly wounded.
Grinder says, "I used to sell toenails on the black market."
Grinder hits you.
You closely miss Grinder.
Grinder is moderately wounded.
Grinder barely misses you.
You barely miss Grinder.
Grinder is moderately wounded.
Grinder gestures at you. You resist with some effort.
You hit Grinder.
Grinder is moderately wounded.
Grinder hits you!
* * * LOW HITPOINT WARNING * * *
You completely miss Grinder.
Grinder is moderately wounded.
Grinder hits you.
* * * LOW HITPOINT WARNING * * *
You writhe in agony.
You die...

#...†..<#
#.####..###
#.####....#
#.##....#.#
#.##.#....#
###'##.#.####
#......#..
#)...#####.#
#....@5!...#
#....#######
##.....
#######


You could see Grinder (very poisoned).

Vanquished Creatures
  A gnoll (D:1)
  An adder (D:2)
  6 endoplasms
  4 giant cockroaches
  6 goblins
  5 hobgoblins
  2 quokkas
  4 ball pythons
  6 bats
  A frilled lizard (D:2)
  4 kobolds
  4 rats (D:1)
44 creatures vanquished.

Notes
Turn   | Place    | Note
-------+----------+-------------------------------------------
     0 | D:1      | anonymouscript the Spriggan Brigand began the quest for the
                  | Orb.
     0 | D:1      | Reached XP level 1. HP: 10/10 MP: 2/2
    43 | D:1      | Reached skill level 6 in Stealth
   255 | D:1      | Reached XP level 2. HP: 8/15 MP: 3/3
  1119 | D:1      | Reached skill level 7 in Stealth
  1119 | D:1      | Reached XP level 3. HP: 18/18 MP: 4/4
  1129 | D:1      | Learned a level 1 spell: Sting
  1316 | D:1      | Found a faded altar of an unknown god.
  1490 | D:2      | Found Ulej's Armour Shoppe.
  2354 | D:4      | Reached XP level 4. HP: 23/23 MP: 5/5
  2385 | D:4      | Noticed Grinder
  2394 | D:4      | HP: 1/23 [Grinder (5)]
  2394 | D:4      | Slain by Grinder

Illustrated notes

Levels and vault maps discovered:
D:1:      lightli_arrival_isolated_outpost, layout_basic, serial_corexii_hall,
          corexii_hall_statues_x, corexii_hall_statues_i,
          hellmonk_ecumenical_altar_prayer_group, hangedman_decor_push,
          chequers_serial_rivers_room_b, minmay_cupped
D:2:      layout_basic, serial_shops, shop
D:3:      layout_loops_cross, serial_shops, shop
D:4:      layout_basic, minitemple, minmay_temple_entry_drinking_statues,
          uniq_ijyb, uniq_grinder, uniq_blork_the_orc

Skill      XL: |  1  2  3 |
---------------+----------+-----
Stealth        | 6 7 |  7.3
Fighting       | 2 |  2.0
Short Blades   | |  2.6
Throwing       | |  2.5
Dodging        | |  1.5

Action                   |  1- 3 |  4- 6 || total
-------------------------+-------+-------++-------
Melee: Dagger            |    69 |     8 ||    77
       Punch             |     1 |       ||     1
Throw: Dart              |    38 |     1 ||    39
 Stab: Sleeping          |    13 |       ||    13
Armor: Robe              |    17 |       ||    17
Dodge: Dodged            |    67 |     4 ||    71

Table legend: (Time is in decaauts)
 A = Elapsed time spent in this place.
 B = Non-inter-level travel time spent in this place.
 C = Inter-level travel time spent in this place.
 D = Time resting spent in this place.
 E = Time spent auto-exploring this place.
 F = Levels seen in this place.
 G = Mean time per level.
                   A        B        C        D        E       F      G
               +--------+--------+--------+--------+--------+-----+--------+
         Total |   1747 |   1705 |     42 |    249 |    923 |   4 |  436.8 |
       Dungeon |   1747 |   1705 |     42 |    249 |    923 |   4 |  436.8 |
               +--------+--------+--------+--------+--------+-----+--------+

Top non-repeatable levels by time:
     D:1: 873 daAuts
     D:2: 786 daAuts
     D:3: 54 daAuts
     D:4: 32 daAuts
